 Dungeon Crawl Stone Soup version 0.30-a0-331-g8ab09dc110 (webtiles) character file.

Game seed: 5838690413034933389

1 ragingrage the Gusty (level 1, 0/13 HPs)
             Began as a Mummy Wanderer on Oct 29, 2022.
             Slain by a jackal (1 damage)
             ... on level 1 of the Dungeon.
             The game lasted 00:00:20 (48 turns).

ragingrage the Gusty (Mummy Wanderer)                 Turns: 48, Time: 00:00:21

Health: 0/13       AC:  3    Str: 13    XL:     1   Next: 16%
Magic:  2/2        EV: 10    Int: 12    God:
Gold:   0          SH:  4    Dex: 12    Spells: 2/2 levels left

rFire   x . .      SeeInvis .    a - +0 club
rCold   + . .      Faith    +    d - +0 buckler
rNeg    + + +      Spirit   .    c - +0 leather armour
rPois   ∞          Reflect  .    (no helmet)
rElec   .          Harm     .    (no cloak)
rCorr   .          Rampage  .    (no gloves)
Will    .....                    (no boots)
Stlth   +.........               (no amulet)
HPRegen 0.22/turn                (no ring)
MPRegen 0.08/turn                (no ring)

@: no status effects
A: cold resistance 1, negative energy resistance 3, torment resistance 2, heat
vulnerability 1, no potions, faith
a: no special abilities


You were on level 1 of the Dungeon.
You visited 1 branch of the dungeon, and saw 1 of its levels.

Inventory:

Hand Weapons
 a - a +0 club (weapon)
Armour
 c - a +0 leather armour (worn)
 d - a +0 buckler (worn)
Scrolls
 b - a scroll of blinking


   Skills:
 - Level 1.0 Dodging
 - Level 1.0 Stealth
 - Level 1.5 Shields
 - Level 1.3 Spellcasting
 + Level 1.7 Air Magic
 - Level 1.5 Earth Magic
 - Level 1.0 Evocations


You had 2 spell levels left.
You didn't know any spells.
Your spell library contained the following spells:

 Spells                   Type           Power      Damage    Failure   Level
 Sandblast                Erth           8%         2d5       26%         1
 Shock                    Conj/Air       8%         1d3       34%         1
 Stone Arrow              Conj/Erth      4%         3d7       73%         3
 Mephitic Cloud           Conj/Pois/Air  2%         N/A       77%         3
 Summon Lightning Spire   Summ/Air       2%         N/A       98%         4


Dungeon Overview and Level Annotations

Branches:
Dungeon (1/15)

Altars:


Innate Abilities, Weirdness & Mutations

You are immune to poison.
Your flesh is cold resistant. (rC+)
You are immune to negative energy. (rN+++)
You are immune to unholy pain and torment.
You are vulnerable to heat. (rF-)
You do not drink.
You have a special connection with the divine. (Faith)


Message History

You are too injured to fight recklessly!
You are too injured to fight recklessly!
You are too injured to fight recklessly!
You are too injured to fight recklessly!
You are too injured to fight recklessly!
You are too injured to fight recklessly!
You are too injured to fight recklessly!
You are too injured to fight recklessly!
You are too injured to fight recklessly!
You are too injured to fight recklessly!
You are too injured to fight recklessly!
You are too injured to fight recklessly!
The jackal bites you.
You hit the jackal.
The jackal is severely wounded.
The jackal closely misses you. The jackal completely misses you.
You closely miss the jackal.
The jackal is severely wounded.
The jackal bites you.
You barely miss the jackal.
The jackal is severely wounded.
The jackal barely misses you.
The jackal bites you but does no damage.
You barely miss the jackal.
The jackal is severely wounded.
The jackal closely misses you. The jackal barely misses you.
You closely miss the jackal.
The jackal is severely wounded.
You block the jackal's attack.
The jackal bites you but does no damage.
You closely miss the jackal.
The jackal is severely wounded.
The jackal bites you.
* * * LOW HITPOINT WARNING * * *
The jackal bites you.
* * * LOW HITPOINT WARNING * * *
You hit the jackal but do no damage.
The jackal is severely wounded.
The jackal bites you.
You die...

####.....#########
.................#
####.............#
####.....#######.#
.........# #.#
########## #.# #.#
## #.# .## #@# #.#
#h# ..# #hh...#
#### #.###.# ..[+
..# #### ..# ..#
#..# #.# #..# .##
#.^#


You could see 3 jackals.

Vanquished Creatures
  A giant cockroach (D:1)
1 creature vanquished.

Notes
Turn   | Place    | Note
-------+----------+-------------------------------------------
     0 | D:1      | ragingrage the Mummy Wanderer began the quest for the Orb.
     0 | D:1      | ragingrage set off with the following items: a +0 club, a
                  | scroll of blinking, a +0 leather armour, a +0 buckler; and
                  | the following spells available to memorise: Sandblast,
                  | Shock, Stone Arrow, Mephitic Cloud, Summon Lightning Spire.
     0 | D:1      | Reached XP level 1. HP: 13/13 MP: 2/2
    48 | D:1      | Slain by a jackal

Illustrated notes

Levels and vault maps discovered:
D:1:      nzn_arrival_crosshair, layout_loops_ring

Action                   || total
-------------------------++-------
Melee: Club              ||    11
Armor: Leather armour    ||     2
Dodge: Dodged            ||     7
Block: Buckler           ||     1

Table legend: (Time is in decaauts)
 A = Elapsed time spent in this place.
 B = Non-inter-level travel time spent in this place.
 C = Inter-level travel time spent in this place.
 D = Time resting spent in this place.
 E = Time spent auto-exploring this place.
 F = Levels seen in this place.
 G = Mean time per level.
                   A        B        C        D        E       F      G
               +--------+--------+--------+--------+--------+-----+--------+
         Total |     51 |     51 |      0 |      0 |     34 |   1 |   51.0 |
       Dungeon |     51 |     51 |      0 |      0 |     34 |   1 |   51.0 |
               +--------+--------+--------+--------+--------+-----+--------+

Top non-repeatable levels by time:
     D:1: 51 daAuts
